 Dungeon Crawl Stone Soup version 0.30.1-9-gdf580d7c3d (webtiles) character file.

Game seed: 4917548055615825422

23 Dillybarz the Shield-Bearer (level 2, -4/27 HPs)
             Began as a Minotaur Fighter on Oct 17, 2023.
             Slain by Sigmund
             ... wielding a +0 scythe
              (9 damage)
             ... on level 2 of the Dungeon.
             The game lasted 00:02:52 (570 turns).

Dillybarz the Shield-Bearer (Minotaur Fighter)       Turns: 570, Time: 00:02:53

Health: -4/27      AC:  8    Str: 20    XL:     2   Next: 72%
Magic:  1/1        EV:  9    Int:  5    God:
Gold:   43         SH:  4    Dex:  9    Spells: 1/1 levels left

rFire   . . .        a - +0 war axe
rCold   . . .        c - +0 buckler
rNeg    . . .        b - +0 scale mail
rPois   .            (helmet restricted)
rElec   .            (no cloak)
rCorr   .            (no gloves)
SInv    .            f - +0 pair of boots
Will    .....        (no amulet) Stlth
                     (no ring)
HPRegen 0.24/turn    (no ring)
MPRegen 0.07/turn

%: no passive effects
@: no status effects
A: horns 2, retaliatory headbutt
a: no special abilities


You were on level 2 of the Dungeon.
You visited 1 branch of the dungeon, and saw 2 of its levels.

You collected 43 gold pieces.

Inventory:

Hand Weapons
 a - a +0 war axe (weapon)
Missiles
 h - 20 stones (quivered)
Armour
 b - a +0 scale mail (worn)
 c - a +0 buckler (worn)
 f - a +0 pair of boots (worn)
Scrolls
 e - 2 scrolls of identify {unknown}
 i - a scroll of teleportation {unknown}
Potions
 d - a potion of might
 g - a potion of curing {unknown}


   Skills:
 + Level 3.9 Fighting
 * Level 3.2 Axes
 + Level 3.9 Armour
 + Level 3.9 Shields


You had one spell level left.
You didn't know any spells.
Your spell library was empty.

Dungeon Overview and Level Annotations

Branches:
Dungeon (2/15)

Altars:

Annotations:
D:2 Sigmund


Innate Abilities, Weirdness & Mutations

You have a pair of horns on your head.
You reflexively headbutt those who attack you in melee.


Message History

You hit the giant cockroach. You headbutt the giant cockroach.
You kill the giant cockroach!
You see here a giant cockroach corpse.
Done exploring.
Done exploring.
Search for what [? for help]? .
There is a stone staircase leading down here.
You climb downwards.
Sigmund shouts!
Found 7 gold pieces.
There is a stone staircase leading up here.
Sigmund gestures at you while chanting. The puff of flame hits you!
Sigmund points at you and mumbles some strange words.
The magic dart hits you. Sigmund hits you with a +0 scythe!
* * * LOW HITPOINT WARNING * * *
You see here 7 gold pieces.
You barely miss Sigmund.
A giant cockroach comes into view.
You slash Sigmund!
Sigmund is heavily wounded.
Sigmund points at you and mumbles some strange words.
You are confused.
Sigmund hits you but does no damage.
The giant cockroach bites you but does no damage.
You bump into the rock wall.
Sigmund hits you but does no damage. The giant cockroach barely misses you.
Sigmund mumbles some strange words.
Sigmund flickers and vanishes!
Deactivating autopickup; reactivate with Ctrl-A.
You barely miss the giant cockroach. You barely miss something.
The giant cockroach bites you. Something hits you.
* * * LOW HITPOINT WARNING * * *
The giant cockroach barely misses you.
You miss something. Your headbutt misses something.
You barely miss the giant cockroach.
You feel less confused. The giant cockroach closely misses you.
Something hits you!
You die...

#################
#...<............
#................
#.......${.......
#.......B@.......
#####.###########
#.# #.# #.# #..
#.


You could see a giant cockroach.

Vanquished Creatures
  2 ball pythons (D:1)
  A bat (D:1)
  4 endoplasms (D:1)
  A giant cockroach (D:1)
  2 goblins (D:1)
  3 hobgoblins (D:1)
  5 frilled lizards (D:1)
  3 kobolds (D:1)
21 creatures vanquished.

Notes
Turn   | Place    | Note
-------+----------+-------------------------------------------
     0 | D:1      | Dillybarz the Minotaur Fighter began the quest for the Orb.
     0 | D:1      | Reached XP level 1. HP: 19/19 MP: 0/0
   147 | D:1      | Reached XP level 2. HP: 27/27 MP: 1/1
   559 | D:2      | Noticed Sigmund
   570 | D:2      | Slain by Sigmund

Illustrated notes

Levels and vault maps discovered:
D:1:      minmay_arrival_checkered_box, layout_rooms, minmay_misc_feat_x
D:2:      cheibrodos_pilgrimage, layout_rooms, uniq_sigmund, uniq_robin

Skill      XL: |  1  2 |
---------------+-------+-----
Axes           | 3 |  3.2
Fighting       | |  3.9
Armour         | |  3.9
Shields        | |  3.9

Action                     || total
---------------------------++-------
  Melee: War axe           ||    50
         Headbutt          ||     5
 Armour: Scale mail        ||    17
  Dodge: Dodged            ||    28
  Block: Buckler           ||     7
